 Dungeon Crawl Stone Soup version bcrawl-1.33.1b (webtiles) character file.

Game seed: 4380564295387415894

266244 Etesian the Ruffian (level 8, -5/48 HPs)
             Began as a Twilight Stalker Archaeologist on Aug 26, 2021.
             Was a Follower of Uskayaw.
             Slain by leebro123's ghost (7 damage)
             ... on level 5 of the Dungeon.
             The game lasted 00:09:51 (3523 turns).

Etesian the Ruffian (VSAc)                          Turns: 3523, Time: 00:09:52

Health: -5/48      AC:  3    Str: 15    XL:     8   Next: 7%
Magic:  9/9        EV: 13    Int: 14    God:    Uskayaw [*.....]
Gold:   195        SH:  0    Dex: 16    Spells: 7/7 levels left

rFire    + . .     SeeInvis +     - Fists (12.5)
rCold    + . .     Gourm    .   (no shield)
rNeg     + + .     Faith    .   (no armour)
rPois    .         Spirit   .   (no helmet)
rElec    .         Reflect  .   (no cloak)
rCorr    .         Harm     .   C - +0 pair of gloves
MR       .....                  c - +1 pair of boots
Stlth    ++++......             s - amulet of rage
HPRegen  0.56/turn              p - ring of positive energy
MPRegen  0.11/turn              h - ring of Due Proportion {rF+ rC+ rN+ Dex+2 SInv}

@: no status effects
A: fangs 3, nightstalker 1, regeneration 1, no potion heal 3, rot immunity,
draining bite, strong jaws, assimilated armour
a: Stomp, Renounce Religion, Evoke Berserk Rage


You were on level 5 of the Dungeon.
You worshipped Uskayaw.
Uskayaw was noncommittal.
You were not hungry.

You visited 1 branch of the dungeon, and saw 5 of its levels.

You collected 195 gold pieces.

Inventory:

Hand Weapons
 b - a +0 hunting sling
 j - a +0 blowgun
Missiles
 f - 6 curare-tipped needles
 k - 145 bolts
 n - 753 stones (quivered)
 o - 769 sling bullets
 A - 82 poisoned needles
Armour
 c - a +1 pair of boots (worn)
 m - a +0 ring mail
 u - a +2 helmet of see invisible
 C - a +0 pair of gloves (worn)
Jewellery
 h - the ring of Due Proportion (right hand) {rF+ rC+ rN+ Dex+2 SInv}
   (You acquired it on level 2 of the Dungeon)

   [ring of dexterity]

   It affects your dexterity (+2).
   It protects you from fire.
   It protects you from cold.
   It protects you from negative energy.
   It lets you see invisible.
 p - a ring of positive energy (left hand)
 s - an amulet of rage (around neck)
Wands
 i - a wand of digging (5)
 l - a wand of iceblast (11)
 z - a wand of polymorph (10)
Scrolls
 a - a scroll of amnesia
 g - 2 scrolls of magic mapping
 q - 3 scrolls of remove curse
 r - 2 scrolls of teleportation {unknown}
 v - a scroll of immolation
 w - 2 scrolls of fog {unknown}
 x - a scroll of fear
 y - a scroll of enchant weapon
Potions
 d - a potion of lignification
 t - a potion of berserk rage
 B - a potion of invisibility
Comestibles
 e - 8 rations {!d}
 D - a chunk of flesh


   Skills:
 + Level 4.5 Fighting
   Level 0.8 Maces & Flails
 - Level 3.2 Dodging
 - Level 4.4 Stealth
 * Level 7.2 Unarmed Combat


You had 7 spell levels left.
You didn't know any spells.
Your spell library was empty.

Dungeon Overview and Level Annotations

Branches:
Dungeon (5/12)
 Temple: D:4-7

Altars:
Uskayaw
Xom

Annotations:
D:5 1 transporter, leebro123's ghost, amateur DDFi


Innate Abilities, Weirdness & Mutations

You have razor-sharp teeth.
You are slightly more attuned to the shadows.
Your natural rate of healing is unusually fast.
Potions cannot restore your health.
You are immune to rotting.
Your bite drains your enemy's life force.
Your bites deal extra damage.
Your stealth is less affected by armour.


Message History

You hear a shout!
There is a transporter landing site here.
A jelly, a crimson imp and a shadow imp come into view.
The crimson imp shouts!
Unknown command.
There is a transporter landing site here.
The crimson imp lashes its tail.
There is a transporter here.
You enter the transporter and appear at another place.
The ogre shouts!
The ogre closely misses you. Leebro123's ghost barely misses you.
The ogre misses you. Leebro123's ghost hits you!
Leebro123's ghost closely misses you. The ogre closely misses you.
Leebro123's ghost hits you! The ogre hits you with a +0 giant club.
Leebro123's ghost hits you! The ogre barely misses you.
Leebro123's ghost hits you!
* * * LOW HITPOINT WARNING * * *
You hear a distant slurping noise.
The ogre closely misses you. Leebro123's ghost hits you!
You die...

......#...........
......5..©.©.....#
.#..#############.
#.##.....($....##
.. #!#..#.#..#.#
#..##...##..#
#..##.O.##..#
#.#..#W#..#.#
#©....@OO...#
#############


You could see 3 ogres and leebro123's ghost.

Vanquished Creatures
  Grinder (D:4)
  Menkaure (D:4)
  An ogre (D:4)
  A big kobold (D:3)
  A scorpion (D:4)
  2 crimson imps
  Terence (D:2)
  3 worker ants
  Robin (D:2)
  3 adders (D:3)
  4 gnolls (D:3)
  6 worms
  4 dart slugs
  3 leopard geckos (D:1)
  8 orcs
  2 giant cockroaches
  16 goblins
  11 hobgoblins
  5 jackals
  A quokka (D:2)
  7 bats
  6 frilled lizards
  16 kobolds
  12 rats
116 creatures vanquished.

Notes
Turn   | Place    | Note
-------+----------+-------------------------------------------
     0 | D:1      | Etesian the Vine Stalker Archaeologist began the quest for
                  | the Orb.
     0 | D:1      | Reached XP level 1. HP: 11/11 MP: 2/2
    41 | D:1      | Reached skill level 1 in Fighting
   163 | D:1      | Reached skill level 1 in Unarmed Combat
   176 | D:1      | Reached XP level 2. HP: 13/16 MP: 3/3
   372 | D:1      | Reached skill level 2 in Unarmed Combat
   372 | D:1      | Reached XP level 3. HP: 20/20 MP: 4/4
   909 | D:2      | Found a sparkling altar of Nemelex Xobeh.
   929 | D:2      | Found a hazy altar of Hepliaklqana.
   929 | D:2      | Found a shadowy altar of Dithmenos.
   931 | D:2      | Found a glowing silver altar of Zin.
   931 | D:2      | Found a burning altar of Makhleb.
   931 | D:2      | Found a shimmering altar of Xom.
  1060 | D:2      | Noticed Robin
  1063 | D:2      | Reached XP level 4. HP: 25/26 MP: 5/5
  1077 | D:2      | Killed Robin
  1078 | D:2      | Reached skill level 3 in Unarmed Combat
  1485 | D:2      | Noticed Terence
  1493 | D:2      | Killed Terence
  1494 | D:2      | Reached XP level 5. HP: 31/31 MP: 6/6
  1494 | D:2      | Identified a scroll of acquirement
  1523 | D:2      | Identified the ring of Due Proportion {rF+ rC+ rN+ Dex+2
                  | SInv} (You acquired it on level 2 of the Dungeon)
  1790 | D:3      | Reached skill level 4 in Unarmed Combat
  2054 | D:3      | Gained mutation: You have razor-sharp teeth. [Vine Stalker
                  | growth]
  2054 | D:3      | Reached XP level 6. HP: 36/36 MP: 7/7
  2232 | D:3      | Found a hide-covered altar of Uskayaw.
  2258 | D:3      | Reached skill level 5 in Unarmed Combat
  2702 | D:4      | Noticed Menkaure
  2806 | D:4      | Killed Menkaure
  2807 | D:4      | Reached XP level 7. HP: 16/42 MP: 8/8
  2876 | D:4      | Reached skill level 6 in Unarmed Combat
  3063 | D:4      | Noticed Grinder
  3150 | D:3      | Became a worshipper of Uskayaw the Reveler
  3221 | D:4      | Reached * piety under Uskayaw
  3227 | D:4      | Reached ** piety under Uskayaw
  3231 | D:4      | Killed Grinder
  3231 | D:4      | Reached *** piety under Uskayaw
  3232 | D:4      | Reached skill level 7 in Unarmed Combat
  3232 | D:4      | Gained mutation: Your bite drains your enemy's life force.
                  | [Twilight Stalker growth]
  3232 | D:4      | Gained mutation: Your stealth is less affected by armour.
                  | [Twilight Stalker growth]
  3232 | D:4      | Gained mutation: You are slightly more attuned to the
                  | shadows. [Twilight Stalker growth]
  3232 | D:4      | Reached XP level 8. HP: 39/48 MP: 8/9
  3481 | D:5      | Entered Level 5 of the Dungeon
  3497 | D:5      | Noticed leebro123's ghost (amateur DDFi)
  3498 | D:5      | Found a transporter.
  3512 | D:5      | Found a transporter.
  3522 | D:5      | HP: 1/48 [leebro123's ghost (15)]
  3523 | D:5      | Slain by leebro123's ghost

Skill      XL: |  1  2  3  4  5  6  7 |
---------------+----------------------+-----
Fighting       | 1 2 3 4 |  4.5
Unarmed Combat | 1 2 3 4 5 7 |  7.2
Maces & Flails | |  0.8
Dodging        | |  3.2
Stealth        | |  4.4

Action                   |  1- 3 |  4- 6 |  7- 9 || total
-------------------------+-------+-------+-------++-------
Melee: Unarmed           |   126 |   241 |    39 ||   406
       Bite              |    11 |    29 |     5 ||    45
       Punch             |       |     4 |     1 ||     5
 Fire: Hunting sling     |    79 |    91 |    13 ||   183
Throw: Stone             |       |     6 |       ||     6
  Use: Potion            |       |     1 |       ||     1
       Scroll            |       |     8 |       ||     8
 Stab: Sleeping          |       |     8 |       ||     8
  Eat: Chunk             |     6 |    14 |     3 ||    23
Armor: Ring mail         |    58 |    72 |   149 ||   279
       Robe              |     1 |       |       ||     1
       Skin              |       |     1 |     7 ||     8
Dodge: Dodged            |   102 |   104 |   264 ||   470
